 Dungeon Crawl Stone Soup version 0.27.0-1-g7a089689b8 (webtiles) character file.

Game seed: 3146413137523635419

480 jiml777 the Gusty (level 6, -4/44 HPs)
             Began as a Demonspawn Air Elementalist on Aug 14, 2021.
             Slain by an ogre (15 damage)
             ... on level 4 of the Dungeon on Aug 15, 2021.
             The game lasted 00:29:14 (5884 turns).

jiml777 the Gusty (Demonspawn Air Elementalist)     Turns: 5884, Time: 00:29:14

Health: -4/44      AC:  4    Str:  9    XL:     6   Next: 86%
Magic:  4/9        EV: 12    Int: 18    God:
Gold:   185        SH:  0    Dex: 13    Spells: 2/10 levels left

rFire    . . .     SeeInvis .   b - +3 dagger (elec)
rCold    . . .     Faith    .   (no shield)
rNeg     . . .     Spirit   .   f - +0 robe {Will+}
rPois    .         Reflect  .   (no helmet)
rElec    .         Harm     .   (no cloak)
rCorr    .         Rampage  .   (no gloves)
Will     +....                  (no boots)
Stlth    ++........             h - amulet of magic regeneration
HPRegen  0.14/turn              (no ring)
MPRegen  0.36/turn              (no ring)

@: no status effects
A: talons 1, yellow scales 1, foul stench 1
a: no special abilities


You were on level 4 of the Dungeon.
You visited 1 branch of the dungeon, and saw 4 of its levels.
You also visited: Sewer.

You collected 185 gold pieces.

Inventory:

Hand Weapons
 b - a +3 dagger of electrocution (weapon)
Missiles
 g - 11 arrows
 l - 125 stones
 n - 44 bolts
 q - 8 javelins
 t - 20 sling bullets
 u - 4 poisoned darts
Armour
 f - a +0 robe of willpower (worn)
 k - a +0 buckler
Jewellery
 h - an amulet of magic regeneration (around neck)
Scrolls
 d - 3 scrolls of teleportation
 s - a scroll of identify
Potions
 e - a potion of invisibility
 i - 2 potions of brilliance {unknown}
 m - 2 potions of haste {unknown}
 o - 4 potions of curing
 p - a potion of magic {unknown}
 r - 2 potions of lignification {unknown}
 v - 2 potions of flight


   Skills:
 + Level 2.1 Fighting
 + Level 2.8 Short Blades
 + Level 3.0 Dodging
 + Level 3.7 Stealth
 + Level 0.2 Unarmed Combat
 + Level 2.5 Spellcasting
 + Level 1.6 Conjurations
 + Level 3.8 Air Magic


You had 2 spell levels left.
You knew the following spells:

 Your Spells              Type           Power      Damage    Failure   Level
a - Shock                 Conj/Air       48%        1d6       5%          1
b - Swiftness             Air            15%        N/A       11%         3
c - Airstrike             Air            7%         N/A       34%         4

Your spell library contained the following spells:

 Spells                   Type           Power      Damage    Failure   Level
 Static Discharge         Conj/Air       12%        N/A       9%          2
 Beastly Appendage        Tmut           4%         N/A       17%         1
 Wereblood                Tmut           2%         N/A       26%         2
 Spider Form              Tmut/Pois      1%         N/A       45%         3


Dungeon Overview and Level Annotations

Branches:
Dungeon (4/15)              Sewer (visited)
 Temple: D:4-7

Altars:


Innate Abilities, Weirdness & Mutations

You have sharp toenails.
You are partially covered in yellow scales. (AC +2)
You may rarely emit foul miasma when damaged in melee.


Message History

Unknown command.
There is a stone staircase leading up here.
You climb upwards.
There is a stone staircase leading down here.
This spell is dangerous to cast!
Memorise Swiftness, consuming 3 spell levels and leaving 6?
You start memorising the spell.
You continue memorising. x3
You finish memorising.
Spell assigned to 'b'.
This spell is quite dangerous to cast!
Memorise Airstrike, consuming 4 spell levels and leaving 2?
You start memorising the spell.
You continue memorising. x4
You finish memorising.
Spell assigned to 'c'.
You climb downwards.
There is a stone staircase leading up here.
Casting: Shock (safe; 5% risk of failure)
Confirm with . or Enter, or press ? or * to list all spells.
The spell is quite dangerous to cast (34% risk of failure)!
Continue anyway?
Aiming: Airstrike (quite dangerous; 34% risk of failure)
Press: ? - help, Dir - move target, f - ogre
Aim: an ogre, wielding a +0 giant club The air twists around and strikes the ogre!
The ogre is moderately wounded.
Casting: Airstrike (quite dangerous; 34% risk of failure)
Confirm with . or Enter, or press ? or * to list all spells.
You don't know that spell.
Casting: Airstrike (quite dangerous; 34% risk of failure)
Confirm with . or Enter, or press ? or * to list all spells.
The spell is quite dangerous to cast (34% risk of failure)!
Continue anyway?
Aiming: Airstrike (quite dangerous; 34% risk of failure)
Press: ? - help, Dir - move target, f/p - ogre
Aim: an ogre, wielding a +0 giant club (moderately wounded)
The air twists around and strikes the ogre!
The ogre is severely wounded.
The ogre hits you with a +0 giant club!!
Ouch! That really hurt!
* * * LOW HITPOINT WARNING * * *
You barely miss the ogre.
The ogre is severely wounded.
The ogre hits you with a +0 giant club!
You die...

#.##### #.
#.######## #.
#...O....#
#.#########.#
#.#.## #.#
#....## #O#
##.....## #.#
#.......# #.#
###
#..@..#####.#
..#
##.O.#......#
#.#
##.##.######
#.# #.##.#
#.# #.##.#
#.# #.##O#
#.### #.##.#
#...##.#
######<##.#
###.##.#
#...[.....#


You could see an ogre.

Vanquished Creatures
  A kobold brigand (Sewer)
  A bullfrog (D:4)
  Natasha (thrice) (D:3)
  2 orc wizards (D:3)
  8 adders
  A river rat (Sewer)
  A worm (D:3)
  2 dart slugs (D:1)
  8 orcs
  7 bats
  7 endoplasms
  11 giant cockroaches
  9 hobgoblins
  12 jackals
  5 quokkas
  9 ball pythons
  4 frilled lizards
  3 goblins
  18 kobolds
  8 rats
120 creatures vanquished.

Notes
Turn   | Place    | Note
-------+----------+-------------------------------------------
     0 | D:1      | jiml777 the Demonspawn Air Elementalist began the quest for
                  | the Orb.
     0 | D:1      | Reached XP level 1. HP: 13/13 MP: 3/3
   335 | D:1      | Gained mutation: You may rarely emit foul miasma when
                  | damaged in melee. [demonic ancestry]
   335 | D:1      | Reached XP level 2. HP: 6/19 MP: 5/5
  1392 | D:1      | Gained mutation: You are partially covered in yellow
                  | scales. (AC +2) [demonic ancestry]
  1392 | D:1      | Reached XP level 3. HP: 19/23 MP: 6/6
  2556 | D:2      | Found a faded altar of an unknown god.
  2895 | D:3      | Reached XP level 4. HP: 16/31 MP: 7/7
  3090 | D:3      | Reached skill level 1 in Fighting
  3117 | D:3      | Reached skill level 1 in Short Blades
  3173 | D:3      | Gained mutation: You have sharp toenails. [demonic
                  | ancestry]
  3173 | D:3      | Reached XP level 5. HP: 23/37 MP: 8/8
  4034 | D:3      | Noticed Natasha
  4043 | D:3      | Killed Natasha
  4526 | D:4      | Reached XP level 6. HP: 19/44 MP: 9/9
  4786 | D:3      | Noticed Natasha
  4793 | D:3      | Killed Natasha
  4938 | D:3      | Noticed Natasha
  4947 | D:3      | Killed Natasha
  5071 | D:4      | Found a glowing drain.
  5085 | Sewer    | Entered a sewer
  5868 | D:3      | Learned a level 3 spell: Swiftness
  5873 | D:3      | Learned a level 4 spell: Airstrike
  5884 | D:4      | Slain by an ogre

Illustrated notes

Levels and vault maps discovered:
D:1:      kilobyte_arrival_exit_the_forest, layout_loops_cross,
          serial_park_tiny_pond, feat_on_display
D:2:      layout_basic, hellmonk_ecumenical_altar_inner_sanctum,
          hangedman_decor_clover_reticule
D:3:      minmay_thinvault, layout_loops_ring, uniq_natasha
D:4:      layout_loops_ring, portal_sewer_entry_f

Skill      XL: |  1  2  3  4  5  6 |
---------------+-------------------+-----
Air Magic      | 3 |  3.8
Stealth        | 2 3 |  3.7
Dodging        | 2 3 |  3.0
Fighting       | 1 2 |  2.1
Short Blades   | 1 2 |  2.8
Unarmed Combat | |  0.2
Spellcasting   | |  2.5
Conjurations   | |  1.6

Action                   |  1- 3 |  4- 6 || total
-------------------------+-------+-------++-------
Melee: Short sword       |    65 |       ||    65
       Unarmed           |    10 |       ||    10
       Dagger            |    49 |   192 ||   241
       Kick              |       |    14 ||    14
 Cast: Shock             |    18 |    18 ||    36
       Airstrike         |       |     2 ||     2
  Use: Scroll            |     6 |     3 ||     9
       Potion            |       |     2 ||     2
 Stab: Sleeping          |     3 |    11 ||    14
Armor: Robe              |    42 |    52 ||    94
Dodge: Dodged            |    86 |   112 ||   198
